 Dungeon Crawl Stone Soup version 0.31.0-1-g2c135a008e (webtiles) character file.

Game seed: 2915140034134130334

651 qw the Shooter (level 7, 0/52 HPs)
             Began as a Djinni Hunter on Jan 23, 2024.
             Slain by Edmund
             ... wielding a +3 dire flail of distortion
              (4 damage)
             ... on level 4 of the Dungeon.
             The game lasted 00:00:14 (3157 turns).

qw the Shooter (Djinni Hunter)                      Turns: 3157, Time: 00:00:14

Health: 0/52       AC:  8    Str: 10    XL:     7   Next: 83%
Gold:   127        EV: 12    Int: 10    God:
                   SH:  5    Dex: 19

rFire   + + .        a - +0 shortbow
rCold   x . .        (shield currently unavailable)
rNeg    . . .        f - +2 ring mail {Will+}
rPois   inf          (no helmet)
rElec   .            g - +0 cloak
rCorr   .            (no gloves)
SInv    .            (boots unavailable)
Will    +....        e - amulet of reflection
Stlth   +            (no ring)
HPRegen 0.28/turn    (no ring)
MPRegen 0.00/turn

%: reflection, infuse magic (-1 HP)
@: flying
A: sickness immunity, fire resistance 2, cold vulnerability 1, float, innate
caster, HP casting, extra vitality 1
a: no special abilities


You were on level 4 of the Dungeon.
You visited 1 branch of the dungeon, and saw 5 of its levels.

You collected 175 gold pieces.
You spent 48 gold pieces at shops.


Innate Abilities, Weirdness & Mutations

You are immune to sickness and miasma.
You are immune to poison.
Your flesh is very heat resistant. (rF++)
You are vulnerable to cold. (rC-)
You float through the air rather than walking.
You learn spells naturally, not from books.
Your magical power is your life essence.
You have superior vitality. (+4 MHP)


   Skills:
 - Level 4.2 Fighting
 - Level 6.1 Ranged Weapons
 + Level 1.0 Armour
 - Level 3.9 Dodging
 - Level 0.7 Stealth


You knew the following spells:

 Your Spells              Type           Power      Damage    Failure   Level
a - Kiss of Death         Conj/Necr      0%         2d5       67%         1
b - Blink                 Tloc           0%         N/A       82%         2
c - Dazzling Flash        Conj/Hex       0%         N/A       96%         3
Your spell library was empty.

Inventory:

Hand Weapons
 a - a +0 shortbow (weapon)
Armour
 f - a +2 ring mail of willpower (worn)
 g - a +0 cloak (worn)
Jewellery
 e - an amulet of reflection (around neck)
Wands
 i - a wand of iceblast (11)
Potions
 b - a potion of might
 c - 2 potions of haste
 d - a potion of attraction {unknown}
 h - a potion of invisibility {unknown}

Dungeon Overview and Level Annotations

Branches:
Dungeon (5/15)
 Temple: D:4-7

Altars:

Shops:
D:1 ?

Annotations:
D:4 Edmund
D:5 Prince Ribbit


Message History

Done exploring.
What level of the Dungeon? (default 5, ? - help)
You fly downwards.
You hear the sound of rushing water.
There is an entrance to a sewer on this level.
Hurry and find it before the portal rusts away!
Level annotation: Edmund, Prince Ribbit You hear the slow rusting of a drain nearby.
The gnoll shouts!
You hear a shout!
Prince Ribbit blinks!
Edmund hits you with a +3 dire flail of distortion.
Space warps around you.
There is a stone staircase leading up here.
3147 ||| STAIRDANCE Edmund closely misses you.
Prince Ribbit hits you.
You fly upwards.
There is a stone staircase leading down here.
You shoot an arrow.
The arrow hits Edmund but does no damage.
Edmund hits you with a +3 dire flail of distortion.
Space warps horribly around you!
You shoot an arrow. The arrow closely misses Edmund.
You block Edmund's attack. Edmund hits you but does no damage.
You blink.
You shoot an arrow.
The arrow hits Edmund but does no damage.
You start resting.
Edmund is nearby!
You shoot an arrow.
The arrow hits Edmund but does no damage.
3154 ||| FLEEEEING.
3155 ||| FLEEEEING.
You shoot an arrow. The arrow hits Edmund.
Edmund is lightly wounded.
Edmund closely misses you.
Edmund hits you with a +3 dire flail of distortion!
Space warps horribly around you!
You shoot an arrow. The arrow hits Edmund.
Edmund is lightly wounded.
Edmund hits you with a +3 dire flail of distortion.
You die...
Edmund whines, "They better pay attention to me now!"

#...# ##..#...# #...# ##.##+##
#...# #.#...# ######...# #.#...#
.........##### #.#.~.#
#............## ####.#.~.#
#...##....##..### ###....#.~.#
.....#<.)..##...### ##...####...#
......####..###.@.###..### #...#
.......# ##.# ###@.##.########'##
.......####.### ##.........>#...#
..............####..#########.#.#
.......####........## #.###.
......[..###.###..#### ##.# #:
.......#......##.>)..# #.## ##
.......#####.....###.## ##.# #
..........###.#.......## #.## #


You could see Edmund.

Vanquished Creatures
  2 ogres (D:4)
  2 scorpions
  2 hounds (D:4)
  An orc priest (D:3)
  Ijyb (D:4)
  2 iguanas (D:4)
  4 orc wizards (D:3)
  A gnoll (D:1)
  An adder (D:3)
  2 dart slugs
  6 orcs
  7 bats
  7 endoplasms
  3 giant cockroaches
  7 goblins
  6 hobgoblins
  6 quokkas
  9 ball pythons
  A frilled lizard (D:1)
  5 kobolds
  3 rats
78 creatures vanquished.

Notes
Turn   | Place    | Note
-------+----------+-------------------------------------------
     0 | D:1      | qw the Djinni Hunter began the quest for the Orb.
     0 | D:1      | Reached XP level 1. HP: 18/18 MP: 0/0
     0 | D:1      | 0 ||| qw: Version: 0.3-a-136-gdd3b4e8
     0 | D:1      | 0 ||| qw: Game counter: 1131
     0 | D:1      | 0 ||| qw: Melee chars always use a shield: true
     0 | D:1      | 0 ||| qw: God list: Okawaru
     0 | D:1      | 0 ||| qw: Allow faded altars: false
     0 | D:1      | 0 ||| qw: Do Orc after clearing Dungeon:15 true
     0 | D:1      | 0 ||| qw: Do second Lair branch before Depths: true
     0 | D:1      | 0 ||| qw: Lair rune preference: random
     0 | D:1      | 0 ||| qw: Goals: Normal
     0 | D:1      | 0 ||| PLANNING D:1-11
    55 | D:1      | Reached XP level 2. HP: 23/23 MP: 0/0
   187 | D:1      | Reached skill level 4 in Ranged Weapons
   187 | D:1      | Reached XP level 3. HP: 28/28 MP: 0/0
   187 | D:1      | Learned a level 1 spell: Kiss of Death
   299 | D:1      | Found Itank's Magic Scroll Shoppe.
   313 | D:1      | 313 ||| BUYING scroll of identify (24 gold).
   313 | D:1      | Bought a scroll of identify for 24 gold pieces
   313 | D:1      | 313 ||| BUYING scroll of identify (24 gold).
   313 | D:1      | Bought a scroll of identify for 24 gold pieces
   313 | D:1      | 313 ||| SHOPLISTING scroll of identify (24 gold, have 0).
   313 | D:1      | 313 ||| SHOPLISTING scroll of teleportation (36 gold, have
                  | 0).
   475 | D:1      | 475 ||| UPGRADING to +2 ring mail of willpower.
   485 | D:1      | 485 ||| DROPPING +0 leather armour.
   486 | D:1      | 486 ||| UPGRADING to +0 cloak.
   491 | D:1      | 491 ||| READING 2 scrolls of identify.
   491 | D:1      | 491 ||| IDENTIFYING fuming purple potion
   492 | D:1      | 492 ||| READING scroll of identify.
   492 | D:1      | 492 ||| IDENTIFYING glowing clear potion
   493 | D:1      | 493 ||| READING scroll labelled QIRCHEL BOLUTE.
   494 | D:1      | 494 ||| READING scroll labelled JEFROQ GEGIPY.
   495 | D:1      | 495 ||| DROPPING scroll of butterflies.
   566 | D:2      | Found a faded altar of an unknown god.
   682 | D:2      | Reached XP level 4. HP: 34/34 MP: 0/0
  1077 | D:2      | Reached skill level 1 in Armour
  1105 | D:2      | 1105 ||| READING scroll of identify.
  1105 | D:2      | 1105 ||| IDENTIFYING smoky grey potion
  1106 | D:2      | 1106 ||| READING scroll labelled VEUTYEM BINAN.
  1173 | D:3      | Reached skill level 3 in Fighting
  1175 | D:3      | HP: 7/35 [something (4)]
  1176 | D:3      | 1176 ||| DRINKING potion of heal wounds.
  1187 | D:3      | Reached XP level 5. HP: 21/40 MP: 0/0
  1187 | D:3      | Learned a level 2 spell: Blink
  1453 | D:3      | 1453 ||| DRINKING potion of curing.
  1453 | D:3      | 1453 ||| (to cure confusion)
  1465 | D:3      | 1465 ||| FLEEEEING.
  1469 | D:3      | 1469 ||| FLEEEEING.
  1471 | D:3      | 1471 ||| FLEEEEING.
  1472 | D:3      | 1472 ||| FLEEEEING.
  1473 | D:3      | 1473 ||| FLEEEEING.
  1474 | D:3      | 1474 ||| FLEEEEING.
  1475 | D:3      | 1475 ||| FLEEEEING.
  1476 | D:3      | 1476 ||| FLEEEEING.
  1477 | D:3      | 1477 ||| FLEEEEING.
  1478 | D:3      | 1478 ||| FLEEEEING.
  1479 | D:3      | 1479 ||| FLEEEEING.
  1481 | D:3      | 1481 ||| FLEEEEING.
  1491 | D:3      | Reached skill level 5 in Ranged Weapons
  1491 | D:3      | Reached XP level 6. HP: 20/46 MP: 0/0
  2032 | D:3      | 2032 ||| UPGRADING to amulet of reflection.
  2037 | D:3      | 2037 ||| READING scroll labelled HARPHE WAILYO.
  2138 | D:3      | 2138 ||| READING scroll labelled MITHUA OGAHOEN.
  2197 | D:4      | Noticed an ogre
  2198 | D:4      | 2198 ||| RETREEEEATING.
  2210 | D:4      | Killed an ogre
  2211 | D:4      | Reached skill level 3 in Dodging
  2308 | D:4      | Noticed Ijyb
  2310 | D:4      | 2310 ||| FLEEEEING.
  2311 | D:4      | 2311 ||| FLEEEEING.
  2312 | D:4      | 2312 ||| FLEEEEING.
  2313 | D:4      | 2313 ||| STAIRDANCE
  2351 | D:3      | 2351 ||| READING scroll of identify.
  2351 | D:3      | 2351 ||| IDENTIFYING fuming puce potion
  2354 | D:4      | 2354 ||| STAIRDANCE
  2380 | D:3      | Reached XP level 7. HP: 25/51 MP: 0/0
  2380 | D:3      | Learned a level 3 spell: Dazzling Flash
  2497 | D:4      | Killed Ijyb
  3060 | D:5      | Entered Level 5 of the Dungeon
  3060 | D:5      | Noticed Prince Ribbit
  3061 | D:5      | 3061 ||| PLANNING SEWER
  3065 | D:5      | Noticed Edmund
  3066 | D:5      | 3066 ||| RETREEEEATING.
  3068 | D:5      | 3068 ||| STAIRDANCE
  3073 | D:4      | Reached skill level 6 in Ranged Weapons
  3147 | D:5      | 3147 ||| STAIRDANCE
  3154 | D:4      | 3154 ||| FLEEEEING.
  3155 | D:4      | 3155 ||| FLEEEEING.
  3156 | D:4      | HP: 4/52 [Edmund/+3 dire flail of distortion (11)]
  3157 | D:4      | Slain by Edmund

Levels and vault maps discovered:
D:1:      scummos_arrival_simple_crosswalls, layout_rooms, serial_shops, shop
D:2:      layout_loops_ring, ebering_ecumenical_altar_webs
D:3:      layout_loops_cross, kennysheep_generic_room_11
D:4:      layout_rooms, grunt_ministairs_14, corner_web_ring,
          grunt_decor_clamped, uniq_ijyb
D:5:      layout_rooms, dk_yredelemnul_ordeal, mainiacjoe_overflow_boulevard,
          portal_sewer_entry_c, uniq_blork_the_orc, uniq_edmund,
          uniq_prince_ribbit1, uniq_pikel

Skill      XL: |  1  2  3  4  5  6  7 |
---------------+----------------------+-----
Ranged Weapons | 4 5 6 |  6.1
Armour         | 1 |  1.0
Fighting       | 3 4 |  4.2
Dodging        | 3 |  3.9
Stealth        | |  0.7

Action                     |  1- 3 |  4- 6 |  7- 9 || total
---------------------------+-------+-------+-------++-------
   Fire: Shortbow          |    88 |   146 |   104 ||   338
    Use: Scroll            |     4 |     5 |       ||     9
         Potion            |       |     2 |       ||     2
 Armour: Leather armour    |    17 |       |       ||    17
         Ring mail         |       |   100 |    35 ||   135
  Dodge: Dodged            |    18 |    51 |    38 ||   107
  Block: Other             |       |     5 |    22 ||    27

Table legend:
 A = Non-vault XP
 B = Vault XP
 C = Vault XP percentage of total XP
 D = Non-vault monster count
 E = Vault monster count
 F = Vault count percentage of total count
                 A         B        C        D         E       F
            +---------+---------+-------+---------+---------+-------
      Total |     735 |     195 |  21.0 |      74 |       4 |   5.1
            +---------+---------+-------+---------+---------+-------
        D:1 |      66 |       0 |   0.0 |      31 |       0 |   0.0
        D:2 |      16 |       0 |   0.0 |       9 |       0 |   0.0
        D:3 |     310 |       2 |   0.6 |      22 |       1 |   4.3
        D:4 |     343 |     193 |  36.0 |      12 |       3 |  20.0
            +---------+---------+-------+---------+---------+-------
